 Dungeon Crawl Stone Soup version 0.31-a0-188-g5e087ee2ca (webtiles) character file.

Game seed: 8518702201259667060

692 qw the Skirmisher (level 7, -3/40 HPs)
             Began as a Deep Elf Hunter on June 23, 2023.
             Killed by divine providence
             ... invoked by an orc priest
              (10 damage)
             ... on level 6 of the Dungeon.
             The game lasted 00:01:31 (4536 turns).

qw the Skirmisher (Deep Elf Hunter)                 Turns: 4536, Time: 00:01:31

Health: -3/40      AC:  6    Str: 10    XL:     7   Next: 36%
Magic:  9/9        EV: 11    Int: 17    God:
Gold:   347        SH:  0    Dex: 18    Spells: 6/6 levels left

rFire   . . .        i - +2 longbow (heavy)
rCold   . . .        (shield currently unavailable)
rNeg    . . .        f - +0 ring mail
rPois   +            h - +0 helmet {Int+3}
rElec   .            (no cloak)
rCorr   .            (no gloves)
SInv    +            (no boots)
Will    .....        (no amulet)
Stlth   +            c - ring of see invisible
HPRegen 0.26/turn    e - ring of poison resistance
MPRegen 0.11/turn

%: no passive effects
@: no status effects
A: no striking features
a: no special abilities


You were on level 6 of the Dungeon.
You visited 1 branch of the dungeon, and saw 6 of its levels.
You also visited: Ossuary.

You collected 347 gold pieces.


   Skills:
 - Level 2.6 Fighting
 + Level 10.9 Ranged Weapons
 - Level 1.0 Armour
 - Level 3.0 Dodging
 - Level 1.2 Stealth


You had 6 spell levels left.
You didn't know any spells.
Your spell library was empty.

Inventory:

Hand Weapons
 i - a +2 heavy longbow (weapon)
Armour
 f - a +0 ring mail (worn)
 h - a +0 helmet of intelligence (worn)
Jewellery
 c - a ring of see invisible (left hand)
 e - a ring of poison resistance (right hand)
 j - a ring of protection from fire
Scrolls
 a - 2 scrolls of identify
 d - a scroll of teleportation
Potions
 b - a potion of cancellation
 k - a potion of resistance
 l - a potion of brilliance {unknown}
 n - 4 potions of curing

Dungeon Overview and Level Annotations

Branches:
Dungeon (6/15)            Ossuary (visited)
 Temple: D:4-7

Altars:


Message History

You enter the shallow water.
Moving in this stuff is going to be slow.
You enter the shallow water.
Moving in this stuff is going to be slow.
There is a stone staircase leading down here.
You climb downwards.
Found a leather armour.
There is a stone staircase leading up here.
Waypoint 6 assigned to D:6.
Found 5 poisoned darts.
You see here 5 poisoned darts.
a - 2 scrolls of identify (gained 1) 4 orcs come into view.
An orc is wielding a +2 vampiric hand axe.
The orc shouts! x3
An orc priest comes into view. It is wielding a +0 club.
The orc shouts!
You shoot an arrow. The arrow barely misses the orc.
The orc priest shouts!
The orc priest calls down the wrath of Beogh upon you.
Beogh smites you!
You shoot an arrow. The arrow hits the orc.
The orc is heavily wounded.
The orc barely misses you.
A scorpion comes into view.
The orc hits you with a +0 flail.
You shoot an arrow. The arrow hits the orc!!
You kill the orc!
The orc priest casts a cantrip, but nothing happens.
You shoot an arrow. The arrow closely misses the orc.
The orc closely misses you.
The orc hits you with a +2 vampiric hand axe.
The orc hits you with a +0 club.
You shoot an arrow. The arrow hits the orc!!
You kill the orc!
The orc priest calls down the wrath of Beogh upon you.
Beogh smites you! The orc closely misses you.
The orc priest mumbles some strange prayers to Beogh against you.
Beogh smites you!
You die...

.# .# .# s#
o# .#
###########o#
#.........@o#
#.#########.#
#.# .#
#.#########.#
#...........#
#..##########
#..#
#######..#
.........#


You could see a scorpion, an orc priest and 2 orcs.

Vanquished Creatures
  2 ogres (D:5)
  A centaur (D:5)
  A phantom (D:4)
  A jelly (D:5)
  2 hounds (D:5)
  3 iguanas
  An orc wizard (D:5)
  A mummy (Ossuary)
  5 adders
  A worm (D:2)
  5 dart slugs
  4 orcs
  A spectral bat (Ossuary)
  7 ball pythons
  7 bats
  5 endoplasms
  6 giant cockroaches
  12 gnoll zombies (Ossuary)
  6 goblins
  5 hobgoblins
  2 jackals (D:2)
  4 kobolds
  2 quokkas
  2 bat simulacra (Ossuary)
  5 frilled lizards
  3 goblin simulacra (Ossuary)
  7 goblin zombies (Ossuary)
  3 hobgoblin zombies (Ossuary)
  2 kobold simulacra (Ossuary)
  4 kobold zombies (Ossuary)
  4 orc zombies (Ossuary)
  A rat (D:1)
  2 rat simulacra (Ossuary)
  6 spectral goblins (Ossuary)
  3 spectral kobolds (Ossuary)
  2 spectral rats (Ossuary)
128 creatures vanquished.

Notes
Turn   | Place    | Note
-------+----------+-------------------------------------------
     0 | D:1      | qw the Deep Elf Hunter began the quest for the Orb.
     0 | D:1      | Reached XP level 1. HP: 12/12 MP: 3/3
     0 | D:1      | 0 ||| qw: Version: 0.3-a-9-g12657ce
     0 | D:1      | 0 ||| qw: Game counter: 3424
     0 | D:1      | 0 ||| qw: Always use a shield: true
     0 | D:1      | 0 ||| qw: God list: Okawaru
     0 | D:1      | 0 ||| qw: Allow faded altars: false
     0 | D:1      | 0 ||| qw: Do Orc after D:15 true
     0 | D:1      | 0 ||| qw: Do second Lair branch before Depths: true
     0 | D:1      | 0 ||| qw: Lair rune preference: random
     0 | D:1      | 0 ||| qw: Plans: Normal
     0 | D:1      | 0 ||| PLANNING D:1-11
    55 | D:1      | HP: 3/12 [constriction (1)]
   147 | D:1      | Reached skill level 6 in Ranged Weapons
   147 | D:1      | Reached XP level 2. HP: 16/16 MP: 4/4
   536 | D:1      | 536 ||| UPGRADING to ring of protection from fire.
   537 | D:1      | 537 ||| READING 2 scrolls labelled DIOBAODACUC.
   538 | D:1      | 538 ||| READING scroll labelled NONWOD NELYF.
   639 | D:1      | 639 ||| READING scroll labelled LAONWU NICS.
   640 | D:1      | 640 ||| READING scroll labelled JIUM ZETENG.
   640 | D:1      | Identified a scroll of acquirement
   640 | D:1      | 640 ||| ACQUIRING +0 antimagic longbow
   640 | D:1      | Acquired a +0 antimagic longbow
   642 | D:1      | 642 ||| SWAPPING to +0 antimagic longbow.
   643 | D:1      | 643 ||| DROPPING +0 shortbow.
   644 | D:1      | 644 ||| DROPPING scroll of butterflies.
   754 | D:2      | Reached XP level 3. HP: 20/20 MP: 1/5
  1096 | D:2      | Reached skill level 7 in Ranged Weapons
  1479 | D:2      | 1479 ||| UPGRADING to +0 ring mail.
  1489 | D:2      | 1489 ||| DROPPING +0 leather armour.
  1490 | D:2      | 1490 ||| DROPPING +6 ring of intelligence.
  1491 | D:2      | 1491 ||| READING 2 scrolls labelled WEUCAYNEABB.
  1492 | D:2      | 1492 ||| READING scroll labelled LIPAIL BOEPT.
  1493 | D:2      | 1493 ||| READING scroll labelled EZXEXZ SEUN.
  1498 | D:2      | 1498 ||| READING scroll labelled BYQYECHAXA.
  1543 | D:2      | 1543 ||| READING 4 scrolls of identify.
  1543 | D:2      | 1543 ||| IDENTIFYING ruby potion
  1544 | D:2      | 1544 ||| READING 3 scrolls of identify.
  1544 | D:2      | 1544 ||| IDENTIFYING clear potion
  1545 | D:2      | 1545 ||| READING 2 scrolls of identify.
  1545 | D:2      | 1545 ||| IDENTIFYING lumpy black potion
  1546 | D:2      | 1546 ||| DROPPING potion of degeneration.
  1547 | D:2      | 1547 ||| DROPPING scroll of fog.
  1548 | D:2      | 1548 ||| DROPPING potion of magic.
  1790 | D:3      | 1790 ||| FLEEEEING.
  1791 | D:3      | 1791 ||| FLEEEEING.
  1792 | D:3      | 1792 ||| FLEEEEING.
  1793 | D:3      | 1793 ||| FLEEEEING.
  1800 | D:3      | Reached XP level 4. HP: 15/25 MP: 6/6
  1869 | D:3      | 1869 ||| READING scroll of acquirement.
  1869 | D:3      | 1869 ||| ACQUIRING +0 helmet of intelligence
  1869 | D:3      | Acquired a +0 helmet of intelligence
  1871 | D:3      | 1871 ||| UPGRADING to +0 helmet of intelligence.
  2262 | D:3      | 2262 ||| UPGRADING to ring of poison resistance.
  2263 | D:3      | 2263 ||| READING 2 scrolls labelled POUSOE XUPRUI.
  2264 | D:3      | 2264 ||| READING scroll of enchant weapon.
  2264 | D:3      | 2264 ||| ENCHANTING +1 longbow of draining.
  2265 | D:3      | 2265 ||| READING scroll labelled SULAWK VAAWN.
  2266 | D:3      | 2266 ||| READING scroll labelled YTOSSA EHEDGHEU.
  2267 | D:3      | 2267 ||| READING scroll labelled NEYNGA ZOUNUR.
  2268 | D:3      | 2268 ||| READING 2 scrolls of identify.
  2268 | D:3      | 2268 ||| IDENTIFYING white potion
  2431 | D:4      | Noticed a phantom
  2437 | D:4      | Killed a phantom
  2438 | D:4      | Reached skill level 8 in Ranged Weapons
  2438 | D:4      | Reached XP level 5. HP: 23/29 MP: 7/7
  2823 | D:4      | Reached skill level 9 in Ranged Weapons
  3171 | D:4      | 3171 ||| UPGRADING to ring of see invisible.
  3173 | D:4      | 3173 ||| DRINKING 2 cyan potions.
  3184 | D:5      | Entered Level 5 of the Dungeon
  3185 | D:5      | 3185 ||| PLANNING OSSUARY
  3186 | D:5      | Noticed a centaur
  3187 | D:5      | Killed a centaur
  3188 | D:5      | Reached XP level 6. HP: 36/36 MP: 8/8
  3434 | D:5      | Reached skill level 10 in Ranged Weapons
  3517 | D:5      | Reached XP level 7. HP: 40/40 MP: 9/9
  3591 | D:5      | Found a sand-covered staircase.
  3600 | Ossuary  | Entered an ossuary
  3604 | Ossuary  | Reached skill level 3 in Dodging
  3744 | Ossuary  | 3744 ||| READING scroll of brand weapon.
  3744 | Ossuary  | 3744 ||| BRANDING +2 longbow of draining.
  3796 | Ossuary  | Reached skill level 1 in Armour
  3889 | Ossuary  | 3889 ||| READING 3 scrolls of identify.
  3889 | Ossuary  | 3889 ||| IDENTIFYING metallic purple potion
  3890 | Ossuary  | 3890 ||| READING 2 scrolls of identify.
  3890 | Ossuary  | 3890 ||| IDENTIFYING coppery potion
  3891 | Ossuary  | 3891 ||| DROPPING potion of lignification.
  3892 | Ossuary  | 3892 ||| DROPPING potion of attraction.
  3917 | D:5      | 3917 ||| PLANNING D:1-11
  4458 | D:5      | 4458 ||| DROPPING ring of wizardry.
  4459 | D:5      | 4459 ||| READING scroll labelled XIXZUS JEOLANN.
  4536 | D:6      | HP: 7/40 [orc priest/divine providence (11)]
  4536 | D:6      | Killed from afar by an orc priest

Levels and vault maps discovered:
D:1:      lightli_arrival_lavapool, layout_rooms, serial_bayou_pond_c
D:2:      layout_loops_corners, nicolae_titane
D:3:      layout_loops_ring
D:4:      layout_loops_corners, chequers_big_river, minmay_crystal_room
D:5:      layout_loops_corners, enter_ossuary_1, st_stairs_2,
          serial_bayou_crossing
D:6:      layout_loops_ring, minmay_temple_entry_drinking_statues, uniq_pikel,
          uniq_duvessa

Skill      XL: |  1  2  3  4  5  6  7 |
---------------+----------------------+-----
Ranged Weapons | 6 7 8 9 10 | 10.9
Fighting       | 2 |  2.6
Dodging        | 3 |  3.0
Armour         | 1 |  1.0
Stealth        | |  1.2

Action                     |  1- 3 |  4- 6 |  7- 9 || total
---------------------------+-------+-------+-------++-------
   Fire: Shortbow          |    57 |       |       ||    57
         Longbow           |    58 |    65 |   107 ||   230
    Use: Scroll            |    11 |     7 |     4 ||    22
         Potion            |       |     1 |       ||     1
 Armour: Leather armour    |    13 |       |       ||    13
         Ring mail         |     6 |     7 |    18 ||    31
  Dodge: Dodged            |    29 |    19 |    28 ||    76

Table legend:
 A = Non-vault XP
 B = Vault XP
 C = Vault XP percentage of total XP
 D = Non-vault monster count
 E = Vault monster count
 F = Vault count percentage of total count
                 A         B        C        D         E       F
            +---------+---------+-------+---------+---------+-------
      Total |     867 |     125 |  12.6 |      74 |      54 |  42.2
            +---------+---------+-------+---------+---------+-------
        D:1 |      39 |       0 |   0.0 |      22 |       0 |   0.0
        D:2 |      41 |       0 |   0.0 |      15 |       0 |   0.0
        D:3 |      25 |       0 |   0.0 |      12 |       0 |   0.0
        D:4 |     189 |       0 |   0.0 |      14 |       0 |   0.0
        D:5 |     567 |      48 |   7.8 |       9 |       2 |  18.2
        D:6 |       6 |       0 |   0.0 |       2 |       0 |   0.0
    Ossuary |       0 |      77 | 100.0 |       0 |      52 | 100.0
            +---------+---------+-------+---------+---------+-------
